Map: Ephemeron LE

Players

Gemini

  • Race: Protoss Protoss
  • League: Grandmaster
  • Spawn Location: 11:00

A.I. 1 (Very Easy) - Winner!

  • Race: Protoss Protoss
  • Spawn Location: 5:00

VOD

Have the link to the VOD?

Description

Time

  • Played on: Dec. 8, 2019, 12:34 p.m.
  • Length: 4:35
Show
View Real Time Build Order
Export as new Build Order

Gemini Protoss 

Build Orders:  

Get SALT Encoding   

  12  0:01  Probe  
  13  0:13  Probe  
  14  0:17  Pylon  
  14  0:25  Probe (Chrono Boost)  
  15  0:37  Probe (Chrono Boost)  
  15  0:39  Gateway  
  16  0:44  Probe (Chrono Boost)  
  16  0:47  Assimilator  
  17  0:51  Probe  
  17  0:55  Assimilator  
  18  1:03  Probe (Chrono Boost)  
  19  1:11  Gateway  
  19  1:14  Probe (Chrono Boost)  
  20  1:19  Probe (Chrono Boost)  
  21  1:25  Cybernetics Core  
  21  1:30  Probe  
  22  1:40  Pylon  
  22  1:43  Probe  
  23  2:01  Robotics Facility  
  23  2:06  Stalker  
  23  2:07  Stalker  
  27  2:10  Warp Gate  
  27  2:13  Probe  
  28  2:21  Pylon  
  28  2:36  Stalker  
  30  2:39  Stalker  
  32  2:51  Immortal (Chrono Boost)  
  36  3:03  Shield Battery  
  36  3:09  Pylon  
  36  3:12  Sentry  
  38  3:27  Warp Prism (Chrono Boost)  
  40  3:50  Pylon  
  40  3:58  Adept x2  
  48  4:28  Stalker x2  
  52  4:34  Pylon  
Show
View Real Time Build Order
Export as new Build Order

A.I. 1 (Very Easy) Protoss - Winner!

Build Orders:  

Get SALT Encoding   

  12  0:00  Probe  
  13  0:13  Probe  
  14  0:20  Pylon  
  14  0:37  Assimilator  
  14  0:42  Gateway  
  14  0:45  Pylon  
  14  1:13  Assimilator  
  14  1:22  Zealot  
  14  1:23  Probe  
  14  1:31  Probe  
  14  1:32  Cybernetics Core  
  18  1:41  Probe  
  19  1:53  Probe  
  20  1:58  Warp Gate  
  20  2:02  Probe  
  21  2:10  Probe  
  22  2:38  Stalker  
  24  3:54  Probe  
  24  4:17  Probe  
  24  4:22  Stalker  
  26  4:25  Pylon  
  20  4:35  Pylon  
Tags
 
Matchup
PvP
Spawn Locations
Cross Positions
Add a new tag
Caveats
  • Supply blocks, unpowered buildings, or Contaminate may cause inaccurate times.
  • Supply counts are checked every 10 seconds.